AoeStats
← CMD_UnknowN

Arabia

505532830Analyzed
1v1 RM · 22d ago on Sep 9, 2026· 61m 14s· 2 players
Game mode
Random Map
Map size
Tiny (2 player)
Population
200
Speed
Normal
Resources
Standard
Victory
Conquest
Starting age
Dark Age
Ending age
Imperial Age
RankedLock teamsTeams togetherTeam positionsShared explorationLock speedFull tech treeHidden civsTurbo modeCheats
Victory
Defeat
🇦🇷 Persians · Argentina
1260
+17
🇺🇸 Byzantines · United States
1276
-17
DS_Moustachon
6:18 Loom
8:54 Feudal Age
9:24 Double-Bit Axe
9:25 Horse Collar
14:21 Scale Barding Armor
21:51 Castle Age
21:09 Scale Barding Armor
21:16 Forging
21:18 Bloodlines
21:22 Gold Mining
22:31 Bow Saw
23:06 Chain Barding Armor
23:47 Chain Barding Armor
25:53 Iron Casting
28:03 Gold Shaft Mining
28:35 Husbandry
31:13 Wheelbarrow
31:09 Town Watch
34:04 Fletching
38:35 Imperial Age
37:26 Stone Mining
38:15 Cavalier
39:36 Plate Barding Armor
42:24 Two-Man Saw
44:10 Blast Furnace
44:14 Conscription
46:49 Chemistry
45:52 Padded Archer Armor
45:55 Bodkin Arrow
46:58 Hand Cart
50:35 Stone Shaft Mining
50:05 Heavy Plow
49:28 Light Cavalry
51:21 Hussar
53:45 Masonry
56:54 Elite Skirmisher
CMD_UnknowN
7:07 Loom
10:08 Feudal Age
11:01 Double-Bit Axe
10:58 Horse Collar
22:38 Castle Age
20:33 Gold Mining
20:36 Fletching
23:28 Bow Saw
25:37 Scale Barding Armor
26:00 Forging
26:27 Husbandry
29:44 Pikeman
30:26 Scale Mail Armor
31:54 Chain Mail Armor
33:23 Iron Casting
34:16 Squires
35:11 Arson
37:58 Heavy Plow
37:58 Bodkin Arrow
41:18 Wheelbarrow
43:54 Imperial Age
43:40 Stone Mining
44:26 Gold Shaft Mining
43:58 Halberdier
45:10 Plate Mail Armor
45:43 Stone Shaft Mining
46:10 Two-Man Saw
45:41 Crop Rotation
45:35 Hand Cart
47:23 Bracer
48:30 Conscription
48:46 Hoardings
49:17 Padded Archer Armor
50:35 Chemistry
48:57 Elite Skirmisher
50:46 Leather Archer Armor
52:34 Thumb Ring
53:00 Ring Archer Armor
54:11 Ballistics
Connection lost

Rejoining the realm…

Still unreachable

The connection could not be restored.

Session expired

The server has moved on; the page needs a fresh start.